 Dungeon Crawl Stone Soup version 0.21.1-75-g79f4511 (webtiles) character file.

2783 asishallab the Magician (level 9, -14/71 HPs)
             Began as a Gnoll Skald on Aug 18, 2018.
             Demolished by an orc warrior
             ... wielding a +0 long sword
              (22 damage)
             ... on level 7 of the Dungeon.
             The game lasted 00:25:08 (7695 turns).

asishallab the Magician (Gnoll Skald)               Turns: 7695, Time: 00:25:09

Health: -14/71     AC:  7    Str: 16 (17) XL:     9   Next: 70%
Magic:  13/19      EV: 17    Int: 15      God:
Gold:   274        SH:  0    Dex: 21      Spells: 10/21 levels left

rFire    + + +     SeeInvis +   a - +6 spear of the Saviour {pierce, *Slow rF+ Str+4}
rCold    . . .     Gourm    .   (no shield)
rNeg     . . .     Faith    .   n - +2 robe {rC+ rF+}
rPois    .         Spirit   .   j - +2 helmet
rElec    .         Reflect  .   (no cloak)
rCorr    +         Harm     .   (no gloves)
MR       .....                  (no boots)
Stlth    +++.......             (no amulet)
HPRegen  1.21/turn              w - ring of fire
MPRegen  0.16/turn              s - ring of resist corrosion

@: infused, regenerating (expiring)
A: distributed training, fangs 1, see invisible, agile 1, fire resistance 1,
wild magic 1, strong nose
a: no special abilities


You were on level 7 of the Dungeon.
You were hungry.

You visited 1 branch of the dungeon, and saw 7 of its levels.

You collected 274 gold pieces.

Inventory:

Hand Weapons
 a - the +6 spear of the Saviour (weapon) {pierce, *Slow rF+ Str+4}
   (You found it on level 6 of the Dungeon)

   It inflicts extra damage upon your enemies.
   It affects your strength (+4).
   It protects you from fire.
   It may slow you when you take damage.
 b - a +0 hand crossbow
 c - a +0 dagger
 i - a +0 hand axe
 l - a +4 mace
Missiles
 h - 113 stones
 k - 3 tomahawks (quivered)
 m - 32 sling bullets
 r - 44 bolts
Armour
 e - a +0 ring mail
 g - a +1 leather armour
 j - a +2 helmet (worn)
 n - a +2 robe of resistance (worn)
Jewellery
 s - a ring of resist corrosion (right hand)
 u - an uncursed ring of protection from cold
 w - a ring of fire (left hand)
Scrolls
 f - 2 scrolls of teleportation
 p - 5 scrolls of remove curse
 q - a scroll of identify
 x - 3 scrolls of amnesia
Potions
 v - 2 potions of heal wounds
 z - a potion of berserk rage {unknown}
 A - a potion of agility
Comestibles
 d - 12 rations
 t - 2 chunks of flesh


   Skills:
 + Level 6.4 Fighting
 + Level 4.4 Short Blades
 + Level 4.4 Long Blades
 + Level 6.4 Axes
 + Level 4.4 Maces & Flails
 + Level 4.4 Polearms
 + Level 4.4 Staves
 + Level 4.4 Slings
 + Level 4.4 Bows
 + Level 4.4 Crossbows
 + Level 4.4 Throwing
 + Level 5.2 Armour
 + Level 6.4 Dodging
 + Level 4.4 Stealth
 + Level 4.4 Shields
 + Level 4.4 Unarmed Combat
 + Level 6.7 Spellcasting
 + Level 3.6 Conjurations
 + Level 3.6 Hexes
 + Level 6.6 Charms
 + Level 3.6 Summonings
 + Level 3.6 Necromancy
 + Level 3.6 Translocations
 + Level 3.6 Transmutations
 + Level 3.6 Fire Magic
 + Level 3.6 Ice Magic
 + Level 3.6 Air Magic
 + Level 3.6 Earth Magic
 + Level 3.6 Poison Magic
 + Level 4.9 Invocations
 + Level 4.4 Evocations


You had 10 spell levels left.
You knew the following spells:

 Your Spells              Type           Power        Failure   Level  Hunger
a - Infusion              Chrm           ####         1%          1    None
b - Shroud of Golubria    Chrm/Tloc      ####......   4%          2    None
c - Song of Slaying       Chrm           ####....     2%          2    None
d - Spectral Weapon       Hex/Chrm       ####....     8%          3    ##.....
e - Regeneration          Chrm/Necr      ####......   8%          3    ##.....


Dungeon Overview and Level Annotations

Branches:
Dungeon (7/15)             Temple (0/1) D:7

Altars:
Ashenzari
Dithmenos
Gozag
Qazlal
Ru
Trog
Uskayaw
Wu Jian
Xom
Yredelemnul

Shops:
D:6 %


Innate Abilities, Weirdness & Mutations

Your experience applies equally to all skills.
You have very sharp teeth.
Your uncanny sense of smell can sniff out nearby items.
You have supernaturally acute eyesight. (SInv)
You are agile. (Dex +2)
Your flesh is heat resistant. (rF+)
Your spells are a little harder to cast, but a little more powerful.


Message History

Your bite misses the orc warrior.
The orc warrior is severely wounded.
The orc warrior misses you.
You hit the orc warrior but do no damage.
The orc warrior is severely wounded.
Your skin is crawling a little less now.
You barely miss the orc warrior.
You bite the orc warrior, but do no damage.
The orc warrior is severely wounded.
The orc warrior hits you with a long sword.
* * * LOW HITPOINT WARNING * * *
You hit the orc warrior.
You bite the orc warrior, but do no damage.
The orc warrior is almost dead.
The orc warrior hits you with a long sword!
* * * LOW HITPOINT WARNING * * *
You barely miss the orc warrior.
The orc warrior is almost dead.
The orc warrior hits you with a long sword!!
You die...

#.#..⌠...⌠..#.#
#.............#
###.........###
##.##.##.#####.#
#.#...........# ##########
#...###.##.#### .........#
###.# #.# ..
########.#####.###.######
#........o@.....#
##.....##.###.##.###
#..._..)...........#
#......##.###.##.#.#
#......##..##.#....##
#.#...#...<...)..<..#
#.#..##.##.##.#.....#
######....#..##.##.##.#..#
..........#+###.##.##.#..#


You could see an orc warrior.

Vanquished Creatures
  An orc warrior (D:6)
  2 sky beasts
  4 phantoms
  4 ogres
  2 centaurs
  A big kobold (D:5)
  5 bullfrogs
  A wyvern zombie (D:7)
  A scorpion (D:6)
  6 wights
  3 howler monkeys
  A crimson imp (D:4)
  A centaur zombie (D:6)
  A centaur skeleton (D:4)
  A hound (D:6)
  An orc priest (D:6)
  A jelly (D:6)
  3 bullfrog skeletons
  An iguana (D:7)
  9 worker ants
  A mummy (D:4)
  Robin (D:3)
  3 gnolls
  A howler monkey skeleton (D:4)
  8 adders
  2 shadow imps
  2 oozes
  An adder zombie (D:5)
  6 worms
  7 leopard geckos
  11 orcs
  6 giant cockroaches
  14 goblins
  14 hobgoblins
  9 jackals
  4 quokkas
  A ball python (D:2)
  9 bats
  2 frilled lizards (D:1)
  A jackal zombie (D:7)
  8 kobolds
  6 rats
166 creatures vanquished.

Notes
Turn   | Place    | Note
-------+----------+-------------------------------------------
     0 | D:1      | asishallab the Gnoll Skald began the quest for the Orb.
     0 | D:1      | Reached XP level 1. HP: 20/20 MP: 6/6
   162 | D:1      | Reached XP level 2. HP: 26/26 MP: 7/7
   168 | D:1      | Learned a level 2 spell: Shroud of Golubria
   171 | D:1      | Learned a level 2 spell: Song of Slaying
   412 | D:1      | Reached XP level 3. HP: 7/31 MP: 9/9
   769 | D:1      | Learned a level 3 spell: Spectral Weapon
   773 | D:1      | Learned a level 3 spell: Regeneration
  1106 | D:1      | Reached skill level 5 in Spellcasting
  1356 | D:2      | Reached skill level 1 in Invocations
  1690 | D:2      | Reached skill level 1 in Short Blades
  1690 | D:2      | Reached skill level 1 in Long Blades
  1690 | D:2      | Reached skill level 1 in Maces & Flails
  1690 | D:2      | Reached skill level 1 in Polearms
  1690 | D:2      | Reached skill level 1 in Staves
  1690 | D:2      | Reached skill level 1 in Slings
  1690 | D:2      | Reached skill level 1 in Bows
  1690 | D:2      | Reached skill level 1 in Crossbows
  1690 | D:2      | Reached skill level 1 in Throwing
  1690 | D:2      | Reached skill level 1 in Stealth
  1690 | D:2      | Reached skill level 1 in Shields
  1690 | D:2      | Reached skill level 1 in Unarmed Combat
  1690 | D:2      | Reached skill level 1 in Evocations
  1690 | D:2      | Reached XP level 4. HP: 25/38 MP: 11/11
  2231 | D:3      | Found a basalt altar of Yredelemnul.
  2238 | D:3      | Noticed Robin
  2271 | D:3      | Reached skill level 1 in Conjurations
  2271 | D:3      | Reached skill level 1 in Hexes
  2271 | D:3      | Reached skill level 1 in Summonings
  2271 | D:3      | Reached skill level 1 in Necromancy
  2271 | D:3      | Reached skill level 1 in Translocations
  2271 | D:3      | Reached skill level 1 in Transmutations
  2271 | D:3      | Reached skill level 1 in Fire Magic
  2271 | D:3      | Reached skill level 1 in Ice Magic
  2271 | D:3      | Reached skill level 1 in Air Magic
  2271 | D:3      | Reached skill level 1 in Earth Magic
  2271 | D:3      | Reached skill level 1 in Poison Magic
  2277 | D:3      | Killed Robin
  2834 | D:3      | Reached XP level 5. HP: 43/43 MP: 12/12
  3079 | D:3      | Found a shattered altar of Ashenzari.
  3086 | D:3      | Found an ornate altar of the Wu Jian Council.
  3556 | D:4      | Noticed an ogre
  3565 | D:4      | Killed an ogre
  3565 | D:4      | Reached XP level 6. HP: 20/50 MP: 2/14
  3758 | D:4      | Reached skill level 5 in Fighting
  3758 | D:4      | Reached skill level 5 in Axes
  3758 | D:4      | Reached skill level 5 in Dodging
  3860 | D:4      | Noticed a phantom
  3904 | D:4      | Killed a phantom
  4086 | D:4      | Reached XP level 7. HP: 47/56 MP: 15/15
  4753 | D:5      | Entered Level 5 of the Dungeon
  5208 | D:4      | Gained mutation: Your body sometimes deteriorates upon taking damage. [potion of mutation]
  5208 | D:4      | Gained mutation: Your mind is acute. (Int +2) [potion of mutation]
  5375 | D:5      | Reached XP level 8. HP: 63/63 MP: 9/16
  6044 | D:6      | Found a bloodstained altar of Trog.
  6211 | D:6      | Reached XP level 9. HP: 17/69 MP: 3/18
  6511 | D:6      | Got a transparent spear
  6512 | D:6      | Identified the +6 spear of the Saviour {pierce, *Slow rF+ Str+4} (You found it on level 6 of the Dungeon)
  6567 | D:6      | Found a shimmering altar of Xom.
  6600 | D:6      | Found a shimmering altar of Xom.
  6602 | D:6      | Found a shimmering altar of Xom.
  6603 | D:6      | Found a shimmering altar of Xom.
  6603 | D:6      | Found a shimmering altar of Xom.
  6603 | D:6      | Found a shimmering altar of Xom.
  6604 | D:6      | Found a shimmering altar of Xom.
  6640 | D:6      | Found a hide-covered altar of Uskayaw.
  6672 | D:6      | Found an opulent altar of Gozag.
  6679 | D:6      | Found a sacrificial altar of Ru.
  6682 | D:6      | Found a shadowy altar of Dithmenos.
  6683 | D:6      | Found a stormy altar of Qazlal.
  6782 | D:6      | Found Yckynk's Food Shoppe.
  6826 | D:6      | Reached skill level 5 in Armour
  7337 | D:7      | Found an ornate altar of the Wu Jian Council.
  7532 | D:7      | Found a staircase to the Ecumenical Temple.
  7539 | D:7      | Lost mutation: Your mind is acute. (Int +2) [potion of mutation]
  7539 | D:7      | Lost mutation: Your body sometimes deteriorates upon taking damage. [potion of mutation]
  7539 | D:7      | Gained mutation: Your spells are a little harder to cast, but a little more powerful. [potion of mutation]
  7539 | D:7      | Gained mutation: You have supernaturally acute eyesight. (SInv) [potion of mutation]
  7539 | D:7      | Gained mutation: You are agile. (Dex +2) [potion of mutation]
  7539 | D:7      | Gained mutation: Your flesh is heat resistant. (rF+) [potion of mutation]
  7695 | D:7      | Demolished by an orc warrior

Skill      XL: |  1  2  3  4  5  6  7  8  9 |
---------------+----------------------------+-----
Spellcasting   | 5 6 |  6.7
Invocations    | 1 2 3 4 |  4.9
Short Blades   | 1 2 3 4 |  4.4
Long Blades    | 1 2 3 4 |  4.4
Maces & Flails | 1 2 3 4 |  4.4
Polearms       | 1 2 3 4 |  4.4
Staves         | 1 2 3 4 |  4.4
Slings         | 1 2 3 4 |  4.4
Bows           | 1 2 3 4 |  4.4
Crossbows      | 1 2 3 4 |  4.4
Throwing       | 1 2 3 4 |  4.4
Stealth        | 1 2 3 4 |  4.4
Shields        | 1 2 3 4 |  4.4
Unarmed Combat | 1 2 3 4 |  4.4
Evocations     | 1 2 3 4 |  4.4
Conjurations   | 1 2 3 |  3.6
Hexes          | 1 2 3 |  3.6
Summonings     | 1 2 3 |  3.6
Necromancy     | 1 2 3 |  3.6
Translocations | 1 2 3 |  3.6
Transmutations | 1 2 3 |  3.6
Fire Magic     | 1 2 3 |  3.6
Ice Magic      | 1 2 3 |  3.6
Air Magic      | 1 2 3 |  3.6
Earth Magic    | 1 2 3 |  3.6
Poison Magic   | 1 2 3 |  3.6
Armour         | 3 4 5 |  5.2
Fighting       | 5 6 |  6.4
Axes           | 5 6 |  6.4
Dodging        | 5 6 |  6.4
Charms         | 6 |  6.6

Action                   |  1- 3 |  4- 6 |  7- 9 || total
-------------------------+-------+-------+-------++-------
Melee: Hand axe          |   112 |    54 |       ||   166
       Bite              |    12 |    14 |    42 ||    68
       Dagger            |    23 |    11 |    20 ||    54
       Spear             |       |    92 |   319 ||   411
       Punch             |       |     3 |     5 ||     8
 Fire: Hand crossbow     |       |       |    34 ||    34
Throw: Tomahawk          |       |    11 |     3 ||    14
       Stone             |       |     1 |       ||     1
 Cast: Shroud of Golubri |     1 |     2 |     8 ||    11
       Song of Slaying   |     1 |     1 |     2 ||     4
       Regeneration      |       |     3 |    12 ||    15
       Infusion          |       |     1 |     4 ||     5
       Spectral Weapon   |       |     1 |       ||     1
  Use: Potion            |     2 |     2 |     4 ||     8
       Scroll            |     2 |     3 |     8 ||    13
 Stab: Sleeping          |     2 |     4 |    10 ||    16
       Distracted        |       |       |     3 ||     3
  Eat: Chunk             |     2 |     6 |     5 ||    13
       Ration            |       |     1 |     2 ||     3
Armor: Leather armour    |    51 |    50 |    60 ||   161
       Robe              |       |       |    15 ||    15
Dodge: Dodged            |   124 |   102 |   230 ||   456
